[Event "Titled Tuesday Blitz January 11 2022"]
[White "Costachi, Mihnea"]
[Black "Kosteniuk, Alexandra"]
[WhiteFideId "1217518"]
[BlackFideId "4128125"]
[WhiteElo "2464"]
[BlackElo "2469"]
[Result "1-0"]
[Round "11"]
[TimeControl "180+1"]
[Date "2022.01.11"]
[WhiteClock "0:00:15"]
[BlackClock "0:00:02"]

1. e4 c6 2. c4 d5 3. cxd5 cxd5 4. exd5 Nf6 5. Nc3 Nxd5 6. d4 Nc6 7. Nf3 e6 8. Bd3 Be7 9. O-O O-O 10. Ne4 b6 11. Bg5 Ncb4 12. Be2 h6 13. Bxe7 Nxe7 14. a3 Nbd5 15. Rc1 Bb7 16. Bd3 Nf4 17. Bb1 Nf5 18. Qd2 Ng6 19. Rfd1 Rc8 20. Rxc8 Qxc8 21. Ne5 Rd8 22. Nxg6 fxg6 23. Qc3 Qa8 24. f3 Rc8 25. Qe1 Bd5 26. Nc3 Bb3 27. Rd2 Rd8 28. Qe5 Qb8 29. Qe4 Qd6 30. Ne2 Rc8 31. Qe5 Qd5 32. Be4 Qa5 33. Nc3 Qxe5 34. dxe5 Rc7 35. Kf2 Kf7 36. Nb5 Rc5 37. Bxf5 exf5 38. Nd4 Be6 39. f4 Rc4 40. g3 Bd5 41. Nxf5 gxf5 42. Rxd5 Rc2+ 43. Ke3 Rxb2 44. Rd7+ Ke6 45. Rxa7 Rxh2 46. Rxg7 Ra2 47. Rg6+ Kd5 48. Rd6+ Kc5 49. Rd3 Ra1 50. Ke2 Ra2+ 51. Kf3 Ra1 52. Re3 Rd1 53. e6 Rd8 54. e7 Re8 55. Re6 b5 56. g4 Kd5 57. gxf5 h5 58. Kg3 1-0


[Site "https://www.chess.com"]

[Event "Titled Tuesday Blitz January 11 2022"]
[White "Daneshvar, Bardiya"]
[Black "Moroni, Luca Jr"]
[WhiteFideId "12576468"]
[BlackFideId "865834"]
[WhiteElo "2295"]
[BlackElo "2573"]
[Result "1-0"]
[Round "11"]
[TimeControl "180+1"]
[Date "2022.01.11"]
[WhiteClock "0:00:12"]
[BlackClock "0:00:01"]

1. d4 g6 2. c4 Bg7 3. Nf3 d6 4. Nc3 Nc6 5. d5 Ne5 6. Nxe5 Bxe5 7. e4 Nf6 8. Bd3 O-O 9. O-O e6 10. f4 Bd4+ 11. Kh1 exd5 12. cxd5 Re8 13. Bb5 Bxc3 14. Bxe8 Ba5 15. Bxf7+ Kxf7 16. e5 Nh5 17. e6+ Kg8 18. f5 Qh4 19. Qf3 gxf5 20. g3 Qh3 21. Bh6 c6 22. g4 Qxf3+ 23. Rxf3 cxd5 24. gxf5 Bd8 25. Rg1+ Kh8 26. Rh3 Bf6 27. Rxh5 b6 28. Bg5 Be5 29. Re1 d4 30. Rxe5 dxe5 31. Bf6+ Kg8 32. Rg5+ Kf8 33. Rg7 Ba6 34. Rxh7 Bb7+ 35. Kg1 Kg8 36. Rh8# 1-0


[Site "https://www.chess.com"]

[Event "Titled Tuesday Blitz January 11 2022"]
[White "Demchenko, Anton"]
[Black "Sipetin, Vladislav"]
[WhiteFideId "4160258"]
[BlackFideId "24176893"]
[WhiteElo "2539"]
[BlackElo "2228"]
[Result "0-1"]
[Round "11"]
[TimeControl "180+1"]
[Date "2022.01.11"]
[WhiteClock "0:00:08"]
[BlackClock "0:00:06"]

1. e4 d5 2. exd5 Nf6 3. Nf3 Bg4 4. h3 Bxf3 5. Qxf3 Qxd5 6. Be2 Nc6 7. Qxd5 Nxd5 8. c3 Nf4 9. Bf1 e5 10. g3 Ne6 11. d3 O-O-O 12. Kd1 Bc5 13. Rh2 e4 14. Kc2 h5 15. dxe4 h4 16. g4 Bd6 17. Rh1 Bf4 18. Nd2 f6 19. Bc4 Ng5 20. Bf1 Ne6 21. Nc4 Bxc1 22. Rxc1 Ne5 23. Re1 g5 24. Ne3 Rd7 25. Bc4 Nf4 26. Rd1 Rxd1 27. Kxd1 Rd8+ 28. Kc2 c6 29. b4 Kc7 30. a4 Nf3 31. Nf1 Ne1+ 32. Kc1 Ned3+ 33. Bxd3 Nxd3+ 34. Kc2 Nxf2 35. Rh2 Nxe4 36. Re2 Nd6 37. Rf2 Rf8 38. Ne3 Kd7 39. Rd2 Ke7 40. Re2 Kf7 41. Rf2 Ne4 42. Rf1 Ng3 43. Rf3 Re8 44. Kd3 Rd8+ 45. Kc2 Ne4 46. a5 Rd2+ 47. Kb3 Rd3 48. Kc4 Nd2+ 49. Kxd3 Nxf3 50. Nf5 Ng1 51. Nd6+ Ke6 52. Nxb7 Nxh3 53. Ke3 Nf4 54. c4 h3 55. Nc5+ Ke7 56. Ne4 Ke6 57. Ng3 Kd6 58. Kd4 h2 59. Ke4 Ne2 60. Nh1 Nc3+ 61. Kd3 Nd1 62. Kd4 Kd7 63. b5 Kc7 64. Kc5 cxb5 65. cxb5 Ne3 66. Kd4 Nxg4 67. Ke4 Nh6 68. Kd5 g4 69. Ke4 Kd6 70. Kf4 Kc5 71. b6 axb6 72. a6 Kc6 73. Kg3 Kc7 74. Kxh2 Kb8 75. Kg3 Ka7 76. Kf4 Kxa6 77. Ng3 Ka5 78. Ne4 f5 79. Nd6 b5 80. Kg5 g3 0-1


[Site "https://www.chess.com"]

[Event "Titled Tuesday Blitz January 11 2022"]
[White "Ezat, Mohamed"]
[Black "Dastan, Muhammed Batuhan"]
[WhiteFideId "10600906"]
[BlackFideId "6300014"]
[WhiteElo "2386"]
[BlackElo "2410"]
[Result "0-1"]
[Round "11"]
[TimeControl "180+1"]
[Date "2022.01.11"]
[WhiteClock "0:00:24"]
[BlackClock "0:00:08"]

1. d4 d5 2. c4 c6 3. Nc3 Nf6 4. cxd5 cxd5 5. Bf4 Nc6 6. e3 Bf5 7. Qb3 Na5 8. Qa4+ Bd7 9. Qc2 Rc8 10. Bd3 e6 11. Nf3 Bb4 12. O-O O-O 13. Qe2 Bxc3 14. bxc3 Rxc3 15. Rac1 Rxc1 16. Rxc1 Nc6 17. Bg5 h6 18. Bh4 Qe7 19. Ne5 g5 20. Bg3 Kg7 21. h4 Rc8 22. hxg5 hxg5 23. Nxc6 Rxc6 24. Rb1 b6 25. Be5 Kf8 26. Qf3 Ng8 27. Bh7 f6 28. Bxg8 Kxg8 29. Bxf6 Qh7 30. Rf1 Qg6 31. Be5 Rc8 32. Qg3 Bb5 33. Re1 Bd3 34. f3 Kf7 35. e4 dxe4 36. fxe4 Bxe4 37. Rf1+ Bf5 38. Qa3 Kg8 39. Qxa7 b5 40. Qd7 Rf8 41. Qe7 g4 42. Rc1 Bd3 43. Qh4 Bc4 44. Rc3 Rf1+ 45. Kh2 Qb1 46. Qh8+ Kf7 47. Qg7+ Ke8 48. Re3 Rh1+ 49. Kg3 Qf5 50. Bf4 Rf1 51. Qh6 Kd7 52. d5 Bxd5 53. Rc3 Bc4 54. Ra3 Rd1 55. Ra7+ Kc6 56. Rf7 Qd3+ 57. Kh4 Rh1+ 58. Kg5 Rxh6 59. Kxh6 Qe2 60. g3 Qxa2 61. Kg5 Qc2 62. Rc7+ Kd5 63. Kxg4 Qf5+ 64. Kh4 Qb1 65. Rd7+ Kc5 66. Rd2 Qh1+ 67. Kg5 b4 68. Rf2 Bd3 69. Be3+ Kb5 70. Rf7 e5 71. Rb7+ Qxb7 72. Kf6 b3 73. Kxe5 Kc4 74. Kf4 Qb5 75. Bf2 b2 76. g4 b1=Q 77. Kg3 Qc2 78. g5 Qxg5+ 79. Kf3 Be4# 0-1


[Site "https://www.chess.com"]

[Event "Titled Tuesday Blitz January 11 2022"]
[White "FGHSMN"]
[Black "Real De Azua, Ernesto"]
[BlackFideId "108154"]
[WhiteElo "2760"]
[BlackElo "2476"]
[Result "1/2-1/2"]
[Round "11"]
[TimeControl "180+1"]
[Date "2022.01.11"]
[WhiteClock "0:01:00"]
[BlackClock "0:00:03"]

1. b3 d5 2. Bb2 Nf6 3. Nf3 Bf5 4. c4 e6 5. e3 h6 6. d4 c6 7. Nc3 Nbd7 8. Bd3 Bxd3 9. Qxd3 Bb4 10. O-O O-O 11. Ne2 Ne4 12. Ng3 f5 13. Ne5 Nxe5 14. dxe5 Qe7 15. a3 Ba5 16. b4 Bc7 17. c5 Nxg3 18. hxg3 Rfc8 19. Bd4 b5 20. a4 a6 21. axb5 axb5 22. Rxa8 Rxa8 23. Ra1 Rxa1+ 24. Bxa1 Qe8 25. Qa3 Qc8 26. Qa7 Kf8 27. Bd4 h5 28. Kh2 Ke8 29. f3 Kd7 30. Qa2 g6 31. e4 fxe4 32. fxe4 dxe4 33. Qf2 Qe8 34. Qf6 Bd8 35. Qf4 g5 36. Qxe4 Qf7 37. Be3 Be7 38. g4 hxg4 39. Qxg4 Qh7+ 40. Kg3 Qd3 41. Qd4+ Qxd4 42. Bxd4 Ke8 43. Kg4 Kf7 44. Kh5 g4 45. g3 Bd8 46. Be3 Bc7 47. Bf4 Bd8 48. Bg5 Bc7 49. Bf6 Bb8 50. Kxg4 Kg6 51. Kh4 Bc7 52. Kg4 Bb8 53. Kf4 Bc7 54. Ke4 Kf7 55. g4 Kg6 56. Be7 Kf7 57. Bf6 Kg6 58. Kf4 Kh6 59. Kf3 Kg6 60. Ke4 Kh6 61. g5+ Kg6 62. Kf4 Kh5 63. Kg3 Kg6 64. Kg4 Bb8 65. Kf4 Bc7 66. Be7 Kf7 67. Bf6 Kg6 68. Ke4 Kh5 69. Be7 Kg6 70. Kf4 Kf7 71. Bf6 Kg6 1/2-1/2


[Site "https://www.chess.com"]

[Event "Titled Tuesday Blitz January 11 2022"]
[White "Fridman, Daniel"]
[Black "Remolar Gallen, Jose"]
[WhiteFideId "11600454"]
[BlackFideId "2215187"]
[WhiteElo "2514"]
[BlackElo "2205"]
[Result "0-1"]
[Round "11"]
[TimeControl "180+1"]
[Date "2022.01.11"]
[WhiteClock "0:00:16"]
[BlackClock "0:00:17"]

1. d4 Nf6 2. Nf3 g6 3. c4 Bg7 4. Nc3 O-O 5. e4 d6 6. Be2 Bg4 7. Be3 Nfd7 8. Ng1 Bxe2 9. Ngxe2 c5 10. d5 a6 11. a4 Qa5 12. O-O Qb4 13. a5 b5 14. axb6 Nxb6 15. b3 Bxc3 16. Ra2 a5 17. Qd3 Qxb3 18. Nxc3 Qxc4 19. Qc2 N8d7 20. h4 a4 21. h5 Qb3 22. Qc1 Nc4 23. Bh6 Rfb8 24. f4 Nf6 25. hxg6 hxg6 26. f5 Ne5 27. fxg6 fxg6 28. Raf2 Rf8 29. Bxf8 Rxf8 30. Rb2 Qc4 31. Rb7 Nd3 32. Qd2 Qd4+ 33. Kh1 Kf7 34. Ra7 Rh8+ 0-1


[Site "https://www.chess.com"]

[Event "Titled Tuesday Blitz January 11 2022"]
[White "Girya, Olga"]
[Black "Gabrielian, Artur"]
[WhiteFideId "4195752"]
[BlackFideId "4131002"]
[WhiteElo "2275"]
[BlackElo "2440"]
[Result "1-0"]
[Round "11"]
[TimeControl "180+1"]
[Date "2022.01.11"]
[WhiteClock "0:00:05"]
[BlackClock "0:00:02"]

1. d4 Nf6 2. Nf3 e6 3. c4 c5 4. d5 exd5 5. cxd5 d6 6. Nc3 g6 7. h3 Bg7 8. e4 O-O 9. Be3 Na6 10. Bxa6 bxa6 11. O-O a5 12. Re1 Ba6 13. e5 dxe5 14. Nxe5 Bb7 15. Bxc5 Re8 16. Nc6 Rxe1+ 17. Qxe1 Bxc6 18. dxc6 Qc7 19. Rd1 Qxc6 20. Bd4 a4 21. Bxf6 Qxf6 22. Nxa4 Rd8 23. Rxd8+ Qxd8 24. g3 Qd7 25. Qe4 Qxh3 26. Qa8+ Bf8 27. Qxa7 Qf5 28. Nc3 Bc5 29. Qb8+ Kg7 30. Qf4 Qe6 31. Ne4 Bd4 32. b3 h6 33. Kg2 Qd5 34. Qf3 Qe5 35. Nd2 Bc5 36. Ne4 Bd4 37. a4 h5 38. Nd2 Bc5 39. a5 Bb4 40. Nc4 Qd4 41. a6 Bc5 42. Na5 Bb6 43. Nc6 Qc5 44. b4 Qc2 45. a7 Qa2 46. b5 Qa1 47. Qf4 Qa2 48. Qe5+ Kh7 49. Qf6 Qd5+ 50. Qf3 Qa2 51. Ne5 f5 52. a8=Q 1-0


[Site "https://www.chess.com"]

[Event "Titled Tuesday Blitz January 11 2022"]
[White "Hakobyan, Aram"]
[Black "Svane, Rasmus"]
[WhiteFideId "13306677"]
[BlackFideId "4657101"]
[WhiteElo "2557"]
[BlackElo "2645"]
[Result "1/2-1/2"]
[Round "11"]
[TimeControl "180+1"]
[Date "2022.01.11"]
[WhiteClock "0:00:06"]
[BlackClock "0:00:06"]

1. e4 e5 2. Nf3 Nc6 3. Bb5 a6 4. Ba4 Nf6 5. O-O Be7 6. Re1 b5 7. Bb3 O-O 8. c3 d5 9. exd5 Nxd5 10. Nxe5 Nxe5 11. Rxe5 c6 12. d3 Bd6 13. Re1 Qh4 14. g3 Qh3 15. Qf3 Bg4 16. Qg2 Qh5 17. Be3 Rae8 18. Nd2 Re6 19. Bxd5 cxd5 20. f3 Bh3 21. Qf2 Qf5 22. Nb3 Qxd3 23. Rad1 Qc4 24. Bc5 Bxc5 25. Qxc5 Qa4 26. Nd4 Rxe1+ 27. Rxe1 Qxa2 28. Qb4 Qc4 29. Qxc4 bxc4 30. g4 f5 31. Nxf5 h5 32. Re7 hxg4 33. fxg4 Bxg4 34. Rxg7+ Kh8 35. Rxg4 Rxf5 36. Kg2 Kh7 37. Kg3 Kh6 38. Rf4 Re5 39. Rf6+ Kg5 40. Rxa6 Re3+ 41. Kf2 Rh3 42. Rd6 Kf4 43. Rxd5 Rxh2+ 44. Kg1 Rxb2 45. Rd4+ Kg3 46. Kf1 Kf3 47. Kg1 Kg3 48. Kf1 Kf3 49. Kg1 Kg3 1/2-1/2


[Site "https://www.chess.com"]

[Event "Titled Tuesday Blitz January 11 2022"]
[White "Hess, Robert"]
[Black "Shapkin, Anatoliy"]
[WhiteFideId "2022036"]
[BlackFideId "34108332"]
[WhiteElo "2557"]
[BlackElo "2223"]
[Result "1-0"]
[Round "11"]
[TimeControl "180+1"]
[Date "2022.01.11"]
[WhiteClock "0:00:03"]
[BlackClock "0:00:01"]

1. b3 e5 2. Bb2 Nc6 3. e3 Nf6 4. d3 d5 5. Nd2 Bd6 6. h3 Ne7 7. Ne2 Ng6 8. Ng3 O-O 9. Nh5 c5 10. Nxf6+ Qxf6 11. g3 d4 12. Ne4 Qe7 13. Nxd6 Qxd6 14. Bg2 dxe3 15. fxe3 e4 16. Bxe4 Qxg3+ 17. Kd2 Be6 18. Bxb7 Rad8 19. Qf3 Qd6 20. Rad1 c4 21. Kc1 cxd3 22. Rxd3 Qc5 23. Bd4 Qa5 24. Kb1 Rd7 25. Bc6 Rd6 26. Bc3 Qc7 27. Rxd6 Qxd6 28. Rd1 Qc5 29. Bd4 Qa5 30. Bb2 Rc8 31. Be4 Qg5 32. Qe2 Bxh3 33. Qd3 Bg4 34. Rd2 Be6 35. a4 a5 36. Qd4 f6 37. Ka2 Bf7 38. Qb6 Qg4 39. Rd8+ Rxd8 40. Qxd8+ Nf8 41. Ba3 g6 42. Qxf8# 1-0


[Site "https://www.chess.com"]

[Event "Titled Tuesday Blitz January 11 2022"]
[White "Ibrahimli, Murad"]
[Black "Arabidze, Meri"]
[WhiteFideId "13410229"]
[BlackFideId "13604040"]
[WhiteElo "2109"]
[BlackElo "2329"]
[Result "1-0"]
[Round "11"]
[TimeControl "180+1"]
[Date "2022.01.11"]
[WhiteClock "0:00:23"]
[BlackClock "0:00:03"]

1. Nf3 Nf6 2. e3 d5 3. c4 e6 4. Nc3 c5 5. d4 Nc6 6. a3 a6 7. dxc5 Bxc5 8. b4 Ba7 9. Bb2 O-O 10. Be2 dxc4 11. Bxc4 b5 12. Be2 Bb7 13. O-O Rc8 14. Qb3 Bb8 15. Rfd1 Qc7 16. Rac1 Ne5 17. Nxe5 Qxe5 18. g3 Qf5 19. Qc2 Ne4 20. f3 Nxc3 21. Bxc3 Qg5 22. f4 Qh6 23. Qb2 Ba7 24. Bd4 Bxd4 25. Qxd4 Qh3 26. Bf1 Qf5 27. Rxc8 Bxc8 28. e4 Qg4 29. Kf2 h5 30. h3 Qg6 31. Be2 Bb7 32. Bf3 Rc8 33. Rd2 h4 34. gxh4 Rc1 35. Qd8+ Kh7 36. Qg5 Rc3 37. Qxg6+ Kxg6 38. h5+ Kh6 39. Rd7 Bc6 40. Rxf7 Rxa3 41. Re7 Ra2+ 42. Kg3 Kh7 43. Rxe6 Bb7 44. Bg4 Ra3+ 45. Kh4 Rb3 46. Bf5+ Kg8 47. Rb6 Bxe4 48. Be6+ 1-0


[Site "https://www.chess.com"]

[Event "Titled Tuesday Blitz January 11 2022"]
[White "Jobava, Baadur"]
[Black "Gaehwiler, Gabriel"]
[WhiteFideId "13601520"]
[BlackFideId "1314530"]
[WhiteElo "2617"]
[BlackElo "2383"]
[Result "1-0"]
[Round "11"]
[TimeControl "180+1"]
[Date "2022.01.11"]
[WhiteClock "0:02:03"]
[BlackClock "0:00:02"]

1. b3 Nf6 2. Bb2 g6 3. Bxf6 exf6 4. c4 f5 5. Nc3 Bg7 6. Rc1 b6 7. e3 Bb7 8. d4 c5 9. d5 d6 10. h4 Nd7 11. Nge2 Ne5 12. Nf4 Qe7 13. g3 O-O-O 14. Bg2 Kb8 15. Qe2 h6 16. Nd3 Rhe8 17. Kd2 g5 18. hxg5 hxg5 19. Rh7 Bf6 20. Nxe5 Bxe5 21. Qh5 Rf8 22. f4 Bf6 23. Re1 Rde8 24. Nd1 b5 25. Bf1 Qc7 26. Ke2 Qa5 27. fxg5 Qxa2+ 28. Kf3 Qd2 29. gxf6 Qxe1 30. Be2 Bc8 31. Rxf7 Rh8 32. Rh7 Rxh7 33. Qxh7 f4 34. gxf4 Bg4+ 35. Kxg4 Qxe2+ 36. Kg5 Qg2+ 37. Kh6 Qh1+ 38. Kg7 Qxd1 39. f7 Qg4+ 40. Qg6 Qxg6+ 41. Kxg6 Rd8 42. cxb5 Kc7 43. e4 Kb6 44. e5 Kc7 45. e6 Rb8 46. e7 1-0


[Site "https://www.chess.com"]

[Event "Titled Tuesday Blitz January 11 2022"]
[White "Kalashian, David"]
[Black "Quispe Arteaga, Gabriel"]
[WhiteFideId "13302418"]
[BlackFideId "32059809"]
[WhiteElo "2490"]
[BlackElo "2229"]
[Result "1-0"]
[Round "11"]
[TimeControl "180+1"]
[Date "2022.01.11"]
[WhiteClock "0:00:13"]
[BlackClock "0:00:03"]

1. d4 Nf6 2. c4 e6 3. Nf3 Bb4+ 4. Bd2 Be7 5. Nc3 d5 6. Bf4 O-O 7. e3 h6 8. Rc1 Nbd7 9. Be2 dxc4 10. Bxc4 a6 11. a4 c6 12. O-O b5 13. Ba2 Bb7 14. Ne5 Rc8 15. Qe2 Nxe5 16. Bxe5 Qa5 17. Bb1 b4 18. Ne4 Nxe4 19. Bxe4 Qxa4 20. Qg4 Bg5 21. Bc2 b3 22. Bd3 c5 23. h4 f5 24. Qh5 Bf6 25. Bc4 Qc6 26. f3 Bxe5 27. dxe5 Rcd8 28. Rfd1 Bc8 29. Rxd8 Rxd8 30. Qxf5 a5 31. Bxb3 Qb6 32. Bc4 Kh8 33. Qc2 Qb4 34. Qc3 Rd2 35. Qxb4 axb4 36. Bb5 Rxb2 37. Rxc5 Bb7 38. Bc4 1-0


[Site "https://www.chess.com"]

[Event "Titled Tuesday Blitz January 11 2022"]
[White "Klenburg, Michael"]
[Black "Samunenkov, Ihor"]
[WhiteFideId "14102072"]
[BlackFideId "14187086"]
[WhiteElo "2359"]
[BlackElo "2406"]
[Result "0-1"]
[Round "11"]
[TimeControl "180+1"]
[Date "2022.01.11"]
[WhiteClock "0:00:08"]
[BlackClock "0:00:29"]

1. g3 c5 2. Bg2 Nc6 3. e4 g6 4. d3 Bg7 5. f4 d6 6. Nf3 e5 7. c3 Nge7 8. O-O O-O 9. Na3 exf4 10. Bxf4 h6 11. Nc2 d5 12. Qd2 g5 13. Be3 dxe4 14. dxe4 Qxd2 15. Nxd2 b6 16. Na3 Be6 17. Nb5 Rad8 18. Nc7 Ng6 19. Nxe6 fxe6 20. Bh3 Rfe8 21. Nc4 Nge5 22. Nxe5 Nxe5 23. Rad1 g4 24. Bg2 Nc4 25. Bc1 b5 26. Rfe1 Kf7 27. Bf1 a6 28. Bxc4 bxc4 29. Be3 Bf8 30. Rf1+ Kg6 31. Kf2 Be7 32. Ke2 h5 33. e5 a5 34. Rxd8 Rxd8 35. Rf4 Rb8 36. Rxc4 Rxb2+ 37. Kf1 Rxa2 38. Bxc5 Bxc5 39. Rxc5 Kf5 40. Rc4 Rxh2 41. Ra4 Rc2 42. Rxa5 Rxc3 43. Kf2 Rf3+ 44. Kg2 Re3 45. Ra8 Re2+ 46. Kg1 Rxe5 47. Rh8 Ke4 48. Kf2 Rf5+ 49. Ke2 Ra5 50. Rf8 Ra2+ 51. Kf1 e5 52. Rh8 Kf3 53. Ke1 Rh2 54. Re8 Kxg3 55. Rxe5 Rh1+ 56. Ke2 h4 57. Rg5 Kf4 58. Rg8 g3 59. Rf8+ Kg4 60. Rg8+ Kh3 61. Rg7 g2 62. Kf2 Rf1+ 0-1


[Site "https://www.chess.com"]

[Event "Titled Tuesday Blitz January 11 2022"]
[White "Kobalia, Mikhail"]
[Black "Papasimakopoulos, Alexandros"]
[WhiteFideId "4119150"]
[BlackFideId "4244125"]
[WhiteElo "2667"]
[BlackElo "2340"]
[Result "1-0"]
[Round "11"]
[TimeControl "180+1"]
[Date "2022.01.11"]
[WhiteClock "0:00:24"]
[BlackClock "0:00:15"]

1. e4 e6 2. d3 d5 3. Nd2 c5 4. Ngf3 Nc6 5. g3 Nge7 6. Bg2 g6 7. O-O Bg7 8. Re1 a5 9. a4 b6 10. exd5 exd5 11. c3 O-O 12. Nb1 d4 13. cxd4 cxd4 14. Bg5 f6 15. Bd2 Ra7 16. Na3 Nd5 17. Qb3 Kh8 18. Rac1 Ndb4 19. Nb5 Re7 20. Rxe7 Qxe7 21. Nfxd4 Nxd4 22. Nxd4 f5 23. Nc6 Nxc6 24. Bxc6 Bd4 25. Bc3 Qe5 26. Qxb6 Bxc3 27. bxc3 Be6 28. Qe3 Qd6 29. Bb5 f4 30. Qe4 fxg3 31. hxg3 Bf5 32. Qe3 Bc8 33. Re1 Bf5 34. Qe5+ Qxe5 35. Rxe5 Rc8 36. Bc4 Ra8 37. d4 Rc8 38. Rc5 Rxc5 39. dxc5 Kg7 40. c6 Bc8 41. Kg2 Kf6 42. f4 Ke7 43. Kf3 Kd6 44. Bb5 Bf5 45. g4 Be6 46. g5 Bd5+ 47. Ke3 Be6 48. Kd4 Bf5 49. c4 Bg4 50. c5+ Kc7 51. Ke5 Bf5 52. Kf6 Bc2 53. Kg7 Bb1 54. Kxh7 Bc2 55. Kg7 Bb1 56. Kf6 Bc2 57. Bc4 Kxc6 58. Bf7 Kxc5 59. Bxg6 Bxa4 60. Bf7 Bc2 61. f5 a4 62. g6 Bxf5 63. Kxf5 1-0


[Site "https://www.chess.com"]

[Event "Titled Tuesday Blitz January 11 2022"]
[White "Kosakowski, Jakub"]
[Black "Belyakov, Bogdan"]
[WhiteFideId "1185080"]
[BlackFideId "24104795"]
[WhiteElo "2476"]
[BlackElo "2407"]
[Result "0-1"]
[Round "11"]
[TimeControl "180+1"]
[Date "2022.01.11"]
[WhiteClock "0:00:04"]
[BlackClock "0:00:07"]

1. e4 e5 2. Nf3 Nc6 3. Bb5 Nf6 4. O-O Nxe4 5. d4 Nd6 6. Ba4 e4 7. Re1 Be7 8. Ne5 O-O 9. Nc3 Bf6 10. Bf4 Nf5 11. Nxe4 Nfxd4 12. Nxc6 Nxc6 13. Nxf6+ Qxf6 14. Bxc7 d5 15. Qxd5 Qxb2 16. Rab1 Qc3 17. Bd6 Rd8 18. Qg5 Be6 19. Bg3 h6 20. Qh5 Bxa2 21. Ra1 Be6 22. h3 Rd5 23. Qe2 Rad8 24. Rab1 Rd4 25. Bb5 Rd2 26. Qe4 Qxc2 27. Qf4 a6 28. Bf1 Rd1 29. Rexd1 Rxd1 30. Rxb7 Qd3 31. Kh2 Qxf1 32. Bh4 Qh1+ 33. Kg3 Rd3+ 34. f3 Qe1+ 35. Kh2 Qd2 36. Qe4 Rd5 37. Bg3 Qd3 38. Qf4 Nd4 39. Rb8+ Kh7 40. Ra8 Ne2 41. Qb8 Nxg3 42. Qh8+ Kg6 43. Rg8 Nf1+ 44. Kg1 Qe3+ 45. Kh1 Ng3+ 46. Kh2 Nf5 47. h4 Qf4+ 48. Kg1 Rd1+ 49. Kf2 Qe3# 0-1


[Site "https://www.chess.com"]

[Event "Titled Tuesday Blitz January 11 2022"]
[White "Kravtsiv, Martyn"]
[Black "Babazada, Khazar"]
[WhiteFideId "14113147"]
[BlackFideId "13413554"]
[WhiteElo "2694"]
[BlackElo "2418"]
[Result "1-0"]
[Round "11"]
[TimeControl "180+1"]
[Date "2022.01.11"]
[WhiteClock "0:00:11"]
[BlackClock "0:00:26"]

1. e4 Nf6 2. e5 Nd5 3. d4 d6 4. Nf3 Nb6 5. Bd3 g6 6. Qe2 Bg7 7. Nc3 O-O 8. Bf4 Nc6 9. O-O-O Bg4 10. Bb5 a6 11. Bxc6 bxc6 12. h3 Bd7 13. Ng5 h6 14. Nge4 Nd5 15. Nxd5 cxd5 16. Nc3 Be6 17. g4 Qd7 18. Qd2 Kh7 19. f3 Rfd8 20. Be3 Rac8 21. f4 c5 22. Rdf1 cxd4 23. Bxd4 dxe5 24. fxe5 Rc4 25. b3 Rcc8 26. Kb2 Qc7 27. Re1 Rb8 28. Re3 Rdc8 29. Ne2 a5 30. Rc3 Qd8 31. a4 Rxc3 32. Nxc3 Qc7 33. Nb5 Qd8 34. Nc3 Rc8 35. Re1 Rc6 36. Re3 Bc8 37. Rf3 Kg8 38. Qf2 Be6 39. Nb5 Qb8 40. Qe1 Bd7 41. Rc3 Rxc3 42. Qxc3 Bxb5 43. axb5 Qxb5 44. Qc8+ Kh7 45. Qc7 Qb4 46. Bc3 Qe4 47. Qxe7 d4 48. Bxa5 d3 49. cxd3 Bxe5+ 50. Kc2 Qe2+ 51. Bd2 Kg7 52. Qxe5+ 1-0


[Site "https://www.chess.com"]

[Event "Titled Tuesday Blitz January 11 2022"]
[White "Krivonosov, Oleg"]
[Black "Martinez Ramirez, Lennis"]
[WhiteFideId "11600349"]
[BlackFideId "3509079"]
[WhiteElo "2455"]
[BlackElo "2374"]
[Result "1/2-1/2"]
[Round "11"]
[TimeControl "180+1"]
[Date "2022.01.11"]
[WhiteClock "0:00:02"]
[BlackClock "0:00:09"]

1. Nf3 d5 2. d4 Nc6 3. Bf4 Bg4 4. e3 e6 5. c4 Bd6 6. Bg3 Nge7 7. Nc3 a6 8. Rc1 O-O 9. cxd5 exd5 10. Be2 Bxg3 11. hxg3 h6 12. O-O Qd6 13. Na4 Bxf3 14. Bxf3 b6 15. a3 Rfc8 16. Qb3 b5 17. Nc5 Na5 18. Qc3 Nc4 19. b3 Nb6 20. a4 Nd7 21. Bg4 f5 22. Bf3 Nxc5 23. Qxc5 Qxc5 24. Rxc5 c6 25. Ra1 Kf8 26. Rc2 bxa4 27. Rxa4 Rcb8 28. Rc3 Rb6 29. g4 a5 30. gxf5 Nxf5 31. Bd1 Ke7 32. Rc5 Rb5 33. Rc1 Kd6 34. Rca1 Ne7 35. b4 Nc8 36. bxa5 Na7 37. a6 Rab8 38. Be2 Rb2 39. R4a2 R2b6 40. g3 Rb4 41. Kg2 R4b6 42. Rh1 Rf8 43. Rh4 Rf7 44. Rf4 Rc7 45. Rf8 Ke7 46. Ra8 Kd6 47. g4 Rf7 48. Kg3 Ke6 49. Bd3 Kd6 50. Bf5 c5 51. dxc5+ Kxc5 52. Rc2+ Kb5 53. Bd3+ Kb4 54. Rb2+ Ka5 55. Rxb6 Kxb6 56. Rb8+ Kc6 57. Rg8 Re7 58. Kf3 Rf7+ 59. Ke2 Kc5 60. Rb8 Nc6 61. Rb7 Rxb7 62. axb7 Kb6 63. Kf3 Ne5+ 64. Ke2 Kxb7 65. Bf5 Kc6 66. f4 Nc4 67. Bd3 Nd6 68. Kf3 Kc5 69. Ke2 g5 70. Kf3 d4 71. exd4+ Kxd4 72. Bf5 Nc4 73. Be6 Nd6 74. f5 Ne8 75. Bf7 Nf6 76. Bh5 Nxh5 77. gxh5 Ke5 78. Kg4 Kf6 79. Kf3 Kxf5 80. Kg3 g4 81. Kh4 Kf4 1/2-1/2


[Site "https://www.chess.com"]

[Event "Titled Tuesday Blitz January 11 2022"]
[White "Leitao, Rafael"]
[Black "Iskusnyh, Sergei"]
[WhiteFideId "2101246"]
[BlackFideId "4120027"]
[WhiteElo "2609"]
[BlackElo "2492"]
[Result "1/2-1/2"]
[Round "11"]
[TimeControl "180+1"]
[Date "2022.01.11"]
[WhiteClock "0:00:26"]
[BlackClock "0:00:09"]

1. c4 e5 2. Nc3 Bb4 3. Qc2 Nf6 4. a3 Bxc3 5. Qxc3 O-O 6. d3 d5 7. cxd5 Nxd5 8. Qc2 Nc6 9. e3 f5 10. Nf3 f4 11. Be2 Kh8 12. O-O Qf6 13. b4 a6 14. e4 Nde7 15. Bb2 Ng6 16. a4 Bg4 17. b5 Bxf3 18. Bxf3 Nd4 19. Bxd4 exd4 20. e5 Nxe5 21. Bxb7 f3 22. Bxa8 Qg5 23. Bxf3 Nxf3+ 24. Kh1 Qf4 25. g3 Qh6 26. h4 Qe6 27. Kg2 Nxh4+ 28. Kh2 Nf3+ 29. Kg2 Nh4+ 30. Kh2 Nf3+ 31. Kg2 Nh4+ 1/2-1/2


[Site "https://www.chess.com"]

[Event "Titled Tuesday Blitz January 11 2022"]
[White "Mokshanov, Alexey"]
[Black "Rustemov, Alexander"]
[WhiteFideId "24121657"]
[BlackFideId "4119002"]
[WhiteElo "2141"]
[BlackElo "2811"]
[Result "0-1"]
[Round "11"]
[TimeControl "180+1"]
[Date "2022.01.11"]
[WhiteClock "0:01:14"]
[BlackClock "0:02:18"]

1. e4 e6 2. d4 d5 3. e5 c5 4. c3 Qb6 5. Nf3 Bd7 6. a3 Bb5 7. Bxb5+ Qxb5 8. a4 Qd7 9. dxc5 Bxc5 10. b4 Bb6 11. O-O Ne7 12. Na3 Nbc6 13. Nb5 O-O 14. a5 Bc7 15. Nxc7 Qxc7 16. Re1 Rfc8 17. Bd2 a6 18. h4 h6 19. Qe2 Na7 20. Rac1 Qc4 21. Qe3 Nb5 0-1


[Site "https://www.chess.com"]

[Event "Titled Tuesday Blitz January 11 2022"]
[White "Moskalenko, Alexander"]
[Black "Sarana, Alexey"]
[WhiteFideId "4155351"]
[BlackFideId "24133795"]
[WhiteElo "2515"]
[BlackElo "2665"]
[Result "1/2-1/2"]
[Round "11"]
[TimeControl "180+1"]
[Date "2022.01.11"]
[WhiteClock "0:00:36"]
[BlackClock "0:00:20"]

1. Nf3 d5 2. d4 Nf6 3. c4 e6 4. g3 Bb4+ 5. Bd2 Be7 6. Bg2 O-O 7. Qb3 Nbd7 8. O-O c6 9. Bb4 c5 10. dxc5 Nxc5 11. Qc2 Qb6 12. Ba3 Bd7 13. Ne5 Rfd8 14. Nxd7 Rxd7 15. cxd5 Nxd5 16. Nc3 Nxc3 17. Qxc3 Rad8 18. Qe3 g6 19. Bf3 Na4 20. Qxb6 Nxb6 21. Bxe7 Rxe7 22. Rfd1 Rxd1+ 23. Rxd1 Na4 24. Rd2 Rc7 25. Kg2 Kg7 26. e3 b6 27. Bd1 Nc5 28. Bc2 f5 29. f4 Kf6 30. Kf3 Ke7 31. g4 Nd7 32. g5 Rc8 33. h4 h5 34. e4 Nc5 35. exf5 exf5 36. a3 a5 37. Re2+ Kd6 38. Rd2+ Ke7 39. Ke3 Rc6 40. Kf3 Ne6 41. Bb3 Nc5 42. Bc2 Ne6 43. Bb3 Nc5 44. Bc2 1/2-1/2


[Site "https://www.chess.com"]